AoeStats
← Nobody

Lombardia

507199745Analyzed
4v4 RM · 16d ago on Sep 17, 2026· 47m 51s· 8 players
Game mode
Random Map
Map size
Large (8 player)
Population
200
Speed
Normal
Resources
Standard
Victory
Conquest
Starting age
Dark Age
Ending age
Imperial Age
RankedLock teamsTeams togetherTeam positionsShared explorationLock speedFull tech treeHidden civsTurbo modeCheats
Victory
Defeat
🇫🇷 Dravidians · France
1437
+13
🇺🇸 Persians · United States
1414
+14
🇨🇱 Magyars · Chile
1316
+18
🇲🇽 Hindustanis · Mexico
1313
+19
🇺🇸 Mongols · United States
1428
-18
🇨🇳 Franks · China
1382
-17
🇺🇸 Magyars · United States
1373
-16
🇺🇸 Japanese · United States
1301
-13
G31GER
5:05 Loom
9:34 Feudal Age
15:13 Double-Bit Axe
20:00 Castle Age
19:12 Fletching
19:42 Bloodlines
19:36 Fletching
19:54 Gold Mining
23:13 Bodkin Arrow
30:53 Wheelbarrow
31:20 Husbandry
32:40 Padded Archer Armor
33:19 Horse Collar
35:33 Scale Mail Armor
35:44 Forging
38:23 Imperial Age
35:44 Pikeman
36:24 Squires
37:34 Chain Mail Armor
38:48 Halberdier
42:36 Conscription
44:49 Gambesons
GareBear330
7:57 Feudal Age
9:33 Double-Bit Axe
11:56 Horse Collar
15:26 Forging
20:53 Castle Age
19:44 Bloodlines
22:03 Bow Saw
21:54 Heavy Plow
24:06 Wheelbarrow
23:16 Loom
25:46 Hand Cart
25:37 Stone Mining
25:42 Gold Mining
28:26 Husbandry
30:32 Gold Shaft Mining
30:33 Stone Shaft Mining
33:19 Imperial Age
30:38 Town Watch
31:05 Fletching
31:16 Padded Archer Armor
31:44 Bodkin Arrow
31:53 Town Patrol
34:16 Siege Engineers
34:36 Drill
34:37 Conscription
33:40 Onager
34:49 Bracer
35:12 Ballistics
35:52 Chemistry
35:19 Siege Onager
36:52 Siege Engineers
Thor Odinson
3:41 Loom
12:02 Feudal Age
12:50 Double-Bit Axe
12:47 Horse Collar
14:53 Bloodlines
21:43 Castle Age
20:09 Stone Mining
22:27 Scale Barding Armor
23:58 Chain Barding Armor
23:46 Heavy Plow
24:11 Husbandry
25:12 Gold Mining
26:53 Wheelbarrow
28:47 Hand Cart
31:01 Town Watch
33:44 Gold Shaft Mining
38:51 Imperial Age
36:16 Light Cavalry
39:49 Bow Saw
40:20 Plate Barding Armor
39:10 Hussar
41:17 Scale Mail Armor
40:43 Pikeman
41:09 Arson
42:21 Capped Ram
42:45 Halberdier
44:09 Corvinian Army
44:30 Conscription
46:55 Cavalier
48:48 Two-Man Saw
姬七兮
8:31 Loom
10:50 Feudal Age
17:18 Castle Age
18:12 Double-Bit Axe
19:26 Bow Saw
21:33 Town Watch
24:49 Wheelbarrow
30:23 Imperial Age
28:05 Scale Barding Armor
28:36 Husbandry
29:00 Gold Mining
29:32 Chain Barding Armor
29:22 Forging
30:41 Cavalier
31:58 Plate Barding Armor
32:34 Chemistry
33:11 Iron Casting
32:38 Paladin
34:26 Gold Shaft Mining
35:21 Conscription
35:58 Hand Cart
35:19 Paladin
35:54 Paladin
37:55 Blast Furnace
36:57 Pikeman
37:38 Squires
37:39 Scale Mail Armor
38:15 Halberdier
41:35 Chain Mail Armor
treehugger
8:12 Loom
9:57 Feudal Age
14:03 Castle Age
12:13 Horse Collar
13:29 Double-Bit Axe
14:42 Heavy Plow
15:12 Bow Saw
18:08 Wheelbarrow
23:33 Gold Mining
24:07 Stone Mining
25:33 Gold Shaft Mining
26:26 Hand Cart
26:53 Stone Shaft Mining
27:23 Town Watch
31:36 Imperial Age
29:53 Scale Barding Armor
29:58 Forging
31:19 Chain Barding Armor
32:09 Iron Casting
32:19 Elite War Elephant
33:23 Conscription
33:08 Husbandry
33:20 Bloodlines
34:39 Blast Furnace
34:14 Plate Barding Armor
36:57 Crop Rotation
36:25 Fletching
37:38 Two-Man Saw
42:35 Caravan
Nobody
5:06 Loom
9:27 Feudal Age
10:16 Double-Bit Axe
10:44 Horse Collar
17:13 Wheelbarrow
21:03 Castle Age
19:12 Scale Barding Armor
19:03 Gold Mining
19:58 Bloodlines
19:59 Forging
20:07 Stone Mining
25:21 Bow Saw
25:34 Chain Barding Armor
28:52 Town Watch
29:51 Husbandry
30:44 Iron Casting
32:24 Hand Cart
36:37 Imperial Age
37:58 Plate Barding Armor
36:44 Heavy Camel Rider
38:02 Gold Shaft Mining
38:37 Imperial Camel Rider
40:46 Blast Furnace
40:17 Light Cavalry
42:31 Conscription
43:34 Hussar
Dedpool_Aoe
11:16 Feudal Age
16:12 Castle Age
14:57 Double-Bit Axe
15:23 Horse Collar
17:23 Bow Saw
20:59 Heavy Plow
22:50 Wheelbarrow
23:59 Fletching
25:21 Hand Cart
26:48 Gold Mining
27:20 Bodkin Arrow
28:25 Ballistics
28:30 Padded Archer Armor
32:32 Imperial Age
30:18 Loom
30:19 Town Watch
32:26 Thumb Ring
32:37 Elite Elephant Archer
33:46 Bracer
34:50 Chemistry
34:48 Leather Archer Armor
35:17 Wootz Steel
35:02 Medical Corps
35:18 Conscription
35:31 Husbandry
34:51 Light Cavalry
45:24 Coinage
44:55 Caravan
Kevincho
5:23 Loom
11:23 Feudal Age
16:15 Castle Age
14:31 Double-Bit Axe
19:19 Horse Collar
23:55 Fletching
25:02 Husbandry
26:51 Bodkin Arrow
28:55 Wheelbarrow
28:07 Town Watch
28:13 Gold Mining
28:37 Bow Saw
28:31 Heavy Plow
28:45 Gold Mining
31:36 Ballistics
35:27 Imperial Age
33:24 Murder Holes
33:32 Padded Archer Armor
33:28 Stone Mining
34:32 Hand Cart
34:58 Leather Archer Armor
34:57 Bloodlines
37:21 Chemistry
37:45 Parthian Tactics
37:25 Thumb Ring
37:55 Bracer
39:28 Ring Archer Armor
39:03 Recurve Bow
39:58 Conscription
40:12 Masonry
40:54 Heavy Cavalry Archer
41:02 Heavy Cavalry Archer
43:50 Two-Man Saw
43:24 Crop Rotation
45:27 Town Patrol
46:07 Murder Holes
Connection lost

Rejoining the realm…

Still unreachable

The connection could not be restored.

Session expired

The server has moved on; the page needs a fresh start.